 Dungeon Crawl Stone Soup version 0.29-a0-757-g358383bc75 (webtiles) character file.

Game seed: 11285803815996469748

5509 zeratav the Grappler (level 10, 0/153 HPs)
             Began as a Troll Fighter on July 1, 2022.
             Was a Follower of Ru.
             Slain by a wyvern (10 damage)
             ... on level 9 of the Dungeon.
             The game lasted 00:11:39 (8865 turns).

zeratav the Grappler (Troll Fighter)                Turns: 8865, Time: 00:11:40

Health: 0/153      AC:  7    Str: 30    XL:     10   Next: 43%
Magic:  9/9        EV:  9    Int:  4    God:    Ru [*.....]
Gold:   223        SH:  9    Dex:  9    Spells: 9/9 levels left

rFire   . . .      SeeInvis .     - Unarmed
rCold   . . .      Faith    .   b - +0 kite shield
rNeg    . . .      Spirit   .   w - +2 robe {Archmagi}
rPois   .          Reflect  .   (helmet restricted)
rElec   .          Harm     .   k - +0 cloak
rCorr   .          Rampage  .   (gloves unavailable)
Will    .....      Archmagi +   (boots unavailable)
Stlth   ..........              (no amulet)
HPRegen 1.15/turn               (no ring)
MPRegen 0.11/turn               (no ring)

@: berserking, lethally poisoned (0 -> 0), very quick
A: large, unfitting armour, claws 3, regeneration 1, shaggy fur 1, tough skin 1,
inability to train armour
a: Renounce Religion


You were on level 9 of the Dungeon.
You worshipped Ru.
Ru was aware of your devotion.
You visited 2 branches of the dungeon, and saw 11 of its levels.
You also visited: Sewer.

You collected 463 gold pieces.
You spent 240 gold pieces at shops.


Innate Abilities, Weirdness & Mutations

You are too large for most types of armour.
You have claws for hands.
Your natural rate of healing is unusually fast.
You are covered in fur. (AC +1)
You have tough skin. (AC +1)
You cannot train Armour skill.


   Skills:
 + Level 7.0 Fighting
 + Level 6.9 Throwing
 - Level 2.4 Dodging
 + Level 7.6 Shields
 + Level 8.3 Unarmed Combat


You had 9 spell levels left.
You didn't know any spells.
Your spell library contained the following spells:

 Spells                   Type           Power      Damage    Failure   Level
 Beastly Appendage        Tmut           0%         N/A       75%         1
 Magic Dart               Conj           0%         1d3       75%         1
 Shock                    Conj/Air       0%         1d3       75%         1
 Blink                    Tloc           0%         N/A       86%         2
 Searing Ray              Conj           0%         2d4       86%         2
 Static Discharge         Conj/Air       0%         N/A       86%         2
 Sublimation of Blood     Necr           0%         N/A       86%         2
 Wereblood                Tmut           0%         N/A       86%         2
 Call Canine Familiar     Summ           0%         N/A       98%         3
 Gell's Gravitas          Tloc           0%         N/A       98%         3
 Lesser Beckoning         Tloc           0%         N/A       98%         3
 Portal Projectile        Hex/Tloc       0%         N/A       98%         3
 Spider Form              Tmut/Pois      0%         N/A       98%         3
 Swiftness                Air            0%         N/A       98%         3
 Teleport Other           Tloc           0%         N/A       98%         3
 Airstrike                Air            0%         N/A       100%        4
 Anguish                  Hex/Necr       0%         N/A       100%        4
 Dispel Undead            Necr           0%         3d6       100%        4
 Fulminant Prism          Conj/Hex       0%         3d6       100%        4
 Leda's Liquefaction      Hex/Erth       0%         N/A       100%        4
 Sticky Flame             Conj/Fire      0%         2d3       100%        4
 Manifold Assault         Tloc           0%         N/A       100%        5
 Enfeeble                 Hex            0%         N/A       100%        7
 Storm Form               Tmut/Air       0%         N/A       100%        7
 Summon Hydra             Summ           0%         N/A       100%        7

Inventory:

Armour
 b - a +0 kite shield (worn)
 k - a +0 cloak (worn)
   (You found it on level 1 of the Dungeon)
 w - a +2 robe of the Archmagi (worn)
   (You took it off Sigmund on level 3 of the Dungeon)
Jewellery
 C - a ring of flight
   (You bought it in a shop on level 9 of the Dungeon)
Wands
 e - a wand of flame (23)
   (You found it on level 8 of the Dungeon)
 y - a wand of polymorph (4)
   (You found it on level 4 of the Dungeon)
Scrolls
 a - 2 scrolls of fear
 d - a scroll of acquirement {unknown}
 h - 2 scrolls of enchant armour
 n - 2 scrolls of poison {!r}
 p - a scroll of vulnerability {unknown}
 q - 10 scrolls of teleportation {@r4}
 r - 2 scrolls of fog
 s - 2 scrolls of silence {!r}
 t - a scroll of blinking {!r}
 x - 5 scrolls of amnesia
 A - 2 scrolls of enchant weapon
 B - 3 scrolls of identify {@r1}
Potions
 c - 6 potions of might
 f - 2 potions of flight
 g - 4 potions of attraction {!q}
 i - 2 potions of heal wounds {@q2}
 j - 4 potions of berserk rage {!q}
 l - a potion of invisibility {unknown}
 m - 2 potions of lignification {!q}
 o - a potion of resistance {unknown}
 u - 2 potions of degeneration {!q@e2}
 v - 6 potions of curing {@q1}
 z - 5 potions of haste {unknown}

Dungeon Overview and Level Annotations

Branches:
Dungeon (10/15) Zot: 26966  Temple (1/1) D:7 Zot: 5803     Orc (0/2) D:9
  Sewer (visited)
   Lair: D:8-11

Altars:
Ashenzari
Cheibriados
Dithmenos
Elyvilon
Fedhas
Gozag
Hepliaklqana
Kikubaaqudgha
Makhleb
Nemelex Xobeh
Okawaru
Qazlal
Ru
Sif Muna
Trog
Uskayaw
Vehumet
Wu Jian
Xom
Yredelemnul
Zin
The Shining One

Shops:
D:3 *   D:9 *

Annotations:
D:5 2 runed translucent doors, zhov's ghost, novice SpHu

######### #.# #######
#.######## #.....# #........#
##.###.##############.########
...# #.##...............)....#
##.###.##.###########.######)#
##.....##.# #.# #.#
..........###########.# #.#
##.....#.>##...l@S....# #.#
#.....#..##.########## #.##
###.#######.############ #..#
#.# #............# ##.# #.#
############.# #.# ## #.#
############## #.# #.# .# #.#
#............###.## #.# .# #.#
#.##########.##...####.# .#
#.# #.# #######...........#


You could see a water moccasin and a wyvern.


Message History

The orc hits you but does no damage.
You are too injured to fight recklessly!
You are too injured to fight recklessly!
HP[-20]
You take 20 damage, and now have 42/102 hp.
You are too injured to fight recklessly!
You are too injured to fight recklessly!
You are too injured to fight recklessly!
You are too injured to fight recklessly!
You are too injured to fight recklessly!
You are too injured to fight recklessly!
You are too injured to fight recklessly!
You are too injured to fight recklessly!
You are too injured to fight recklessly!
You are too injured to fight recklessly!
You are too injured to fight recklessly!
You are too injured to fight recklessly!
You are too injured to fight recklessly!
You are too injured to fight recklessly!
You are too injured to fight recklessly!
You are too injured to fight recklessly!
You are too injured to fight recklessly!
You are too injured to fight recklessly!
You are too injured to fight recklessly!
You are too injured to fight recklessly!
You are too injured to fight recklessly!
You are too injured to fight recklessly!
You are too injured to fight recklessly!
You are too injured to fight recklessly!
There is a stone staircase leading up here.
HP[+1]
You block the water moccasin's attack. The wyvern closely misses you.
The water moccasin bites you.
* * * LOW HITPOINT WARNING * * *
You block the orc warrior's attack.
You climb upwards.
There is a stone staircase leading down here.
HP[+1]
You closely miss the water moccasin.
The wyvern hisses menacingly.
The wyvern bites you but does no damage.
The water moccasin barely misses you.
The wyvern bites you but does no damage.
HP[+1]
You barely miss the water moccasin. The wyvern barely misses you.
The water moccasin is stunned by your conviction and fails to attack.
The water moccasin bites you.
* * * LOW HITPOINT WARNING * * *
You are poisoned.
The water moccasin poisons you!
You claw the water moccasin!
You feel very sick. You block the wyvern's attack.
The water moccasin bites you!
* * * LOW HITPOINT WARNING * * *
You block the wyvern's attack.
HP[-11]
You take 11 damage, and now have 34/102 hp.
You closely miss the water moccasin.
You feel sick. You block the water moccasin's attack.
The wyvern bites you but does no damage.
HP[-1]
You take 1 damage, and now have 33/102 hp.
You miss the water moccasin.
You feel very sick.
The water moccasin bites you but does no damage.
The wyvern bites you!
* * * LOW HITPOINT WARNING * * *
You block the water moccasin's attack.
HP[-15]
You take 15 damage, and now have 18/102 hp.
You closely miss the water moccasin.
You feel sick. The wyvern bites you!
* * * LOW HITPOINT WARNING * * *
You block the water moccasin's attack.
The wyvern bites you but does no damage.
HP[-17]
You take 17 damage, and now have 1/102 hp.
You feel much better.
You feel sick.
The water moccasin bites you but does no damage.
The wyvern bites you!
* * * LOW HITPOINT WARNING * * *
The water moccasin closely misses you.
HP[+18]
You regained 18 hp, and now have 19/102 hp.
A red film seems to cover your vision as you go berserk!
You feel yourself moving faster!
You feel mighty!
You feel sick. You block the wyvern's attack.
The water moccasin is stunned by your conviction and fails to attack.
The wyvern bites you.
* * * LOW HITPOINT WARNING * * *
HP[+5]
You now have 153 max hp (+51).
You regained 5 hp, and now have 24/153 hp.
You barely miss the water moccasin.
You feel sick. You block the water moccasin's attack. The wyvern bites you!
* * * LOW HITPOINT WARNING * * *
HP[-14]
You take 14 damage, and now have 10/153 hp.
You mangle the wyvern!!
You feel sick. The water moccasin barely misses you. The wyvern bites you!
You die...

Skill      XL: |  1  2  3  4  5  6  7  8  9 10 |
---------------+-------------------------------+-----
Unarmed Combat | 3 4 5 6 8 |  8.3
Throwing       | 1 2 3 5 6 |  6.9
Shields        | 3 4 5 6 7 |  7.6
Fighting       | 3 4 5 6 7 |  7.0
Dodging        | |  2.4

Action                   |  1- 3 |  4- 6 |  7- 9 | 10-12 || total
-------------------------+-------+-------+-------+-------++-------
Melee: Unarmed           |   102 |   221 |   437 |   113 ||   873
Invok: Sacrifice Durabil |       |       |     1 |       ||     1
Evoke: Wand              |       |       |     3 |       ||     3
  Use: Scroll            |       |       |    11 |       ||    11
       Potion            |       |       |     9 |     2 ||    11
Armor: Robe              |    31 |    76 |   130 |    31 ||   268
       Skin              |       |       |    55 |       ||    55
Dodge: Dodged            |    19 |    75 |   124 |    53 ||   271
Block: Kite shield       |    42 |    71 |   189 |    78 ||   380

Levels and vault maps discovered:
D:1:      dpeg_arrival_oval, layout_loops_corners, nicolae_figureground_pulse
D:2:      cheibrodos_fertilizer, layout_loops_ring, basic_altar,
          serial_bayou_pond_d, hangedman_decor_clover_reticule,
          minmay_misc_feat_five, hangedman_abyss_or_decor_lesser_grid
D:3:      layout_basic, mainiacjoe_overflow_catch_the_wave, serial_shops,
          nicolae_shop_advertising_works [nicolae_subvault_shop_adworks],
          uniq_sigmund
D:4:      layout_basic, portal_sewer_entry_b
D:5:      layout_loops_corners, mainiacjoe_overflow_tiny_flanked,
          ebering_ghost_sewer_f
D:6:      layout_rooms, mainiacjoe_overflow_alcove_4, uniq_menkaure
D:7:      layout_gridville, dk_xom_monty_hall, minmay_temple_entry_wispy,
          feat_on_display, uniq_joseph
D:8:      layout_rooms, mainiacjoe_overflow_small_starburst, uniq_prince_ribbit1
D:9:      layout_loops_ring, hiddenorc1_lemuel, serial_shops,
          kennysheep_mini_moat, nzn_sisyphean_effort
D:10:     layout_loops_corners, minmay_lair_entry_grove, gammafunk_ghost_split
Temple:   eino_temple_scatter_basement

Notes
Turn   | Place    | Note
-------+----------+-------------------------------------------
     0 | D:1      | zeratav the Troll Fighter began the quest for the Orb.
     0 | D:1      | Reached XP level 1. HP: 22/22 MP: 0/0
     0 | D:1      | magus.rc [v1.9.6]
   366 | D:1      | Reached XP level 2. HP: 29/29 MP: 1/1
   417 | D:1      | Reached skill level 3 in Unarmed Combat
   875 | D:1      | You pick up a book of Blood and begin reading...
   875 | D:1      | You add the spells Sublimation of Blood, Wereblood and
                  | Summon Hydra to your library.
   906 | D:1      | Reached XP level 3. HP: 30/36 MP: 2/2
  1171 | D:2      | HP: 6/36 [acid (8)]
  1205 | D:2      | Reached skill level 1 in Throwing
  1205 | D:2      | Reached skill level 3 in Shields
  1205 | D:2      | Reached XP level 4. HP: 24/44 MP: 3/3
  1502 | D:2      | Reached skill level 3 in Fighting
  1598 | D:2      | You pick up a book of Conjurations {@e2} and begin
                  | reading...
  1598 | D:2      | You add the spells Magic Dart, Searing Ray and Fulminant
                  | Prism to your library.
  1641 | D:2      | Reached XP level 5. HP: 53/53 MP: 4/4
  1726 | D:2      | Found a shadowy altar of Dithmenos.
  2015 | D:3      | Found a hazy altar of Hepliaklqana.
  2082 | D:3      | Found a glowing golden altar of the Shining One.
  2100 | D:3      | Found Ticw's General Store.
  2109 | D:3      | Identified a +2 robe of the Archmagi
  2109 | D:3      | Noticed Sigmund
  2138 | D:3      | Killed Sigmund
  2139 | D:3      | Reached skill level 2 in Throwing
  2139 | D:3      | Reached skill level 4 in Unarmed Combat
  2139 | D:3      | Reached XP level 6. HP: 39/61 MP: 5/5
  2610 | D:3      | You pick up a book of the Hunter and begin reading...
  2610 | D:3      | You add the spells Call Canine Familiar, Portal Projectile
                  | and Leda's Liquefaction to your library.
  2781 | D:4      | You pick up a book of Conjurations {@e2} and begin
                  | reading...
  2798 | D:4      | Found a glowing drain.
  2829 | Sewer    | Entered a sewer
  2843 | Sewer    | Reached skill level 4 in Shields
  2942 | Sewer    | Identified the +3 dagger "Bebikhuf" {antimagic, rF+}
  3113 | D:4      | You add the spells Blink, Manifold Assault and Storm Form
                  | to your library.
  3201 | D:4      | Reached skill level 3 in Throwing
  3201 | D:4      | Reached XP level 7. HP: 55/68 MP: 6/6
  3855 | D:5      | Entered Level 5 of the Dungeon
  3948 | D:5      | Reached skill level 4 in Fighting
  3973 | D:5      | Found a runed translucent door.
  4087 | D:5      | Noticed zhov's ghost (novice SpHu)
  4152 | D:5      | Found a burning altar of Makhleb.
  4169 | D:5      | Reached skill level 5 in Unarmed Combat
  4458 | D:5      | You pick up a book of Air and begin reading...
  4458 | D:5      | You add the spells Shock, Swiftness and Airstrike to your
                  | library.
  4947 | D:5      | Found a runed translucent door.
  4972 | D:5      | You pick up a book of Changes and begin reading...
  4972 | D:5      | You add the spells Beastly Appendage and Spider Form to
                  | your library.
  5044 | D:6      | Reached skill level 5 in Shields
  5044 | D:6      | Reached XP level 8. HP: 79/79 MP: 7/7
  5047 | D:6      | Reached skill level 4 in Throwing
  5063 | D:6      | Found a sparkling altar of Nemelex Xobeh.
  5161 | D:6      | Noticed Menkaure
  5169 | D:6      | Killed Menkaure
  5170 | D:6      | Reached skill level 5 in Fighting
  5170 | D:6      | Reached skill level 6 in Unarmed Combat
  5489 | D:6      | You pick up a book of Displacement and begin reading...
  5489 | D:6      | You add the spells Lesser Beckoning, Gell's Gravitas and
                  | Teleport Other to your library.
  5686 | D:7      | Noticed Joseph
  5701 | D:7      | Killed Joseph
  5702 | D:7      | Reached skill level 5 in Throwing
  5702 | D:7      | Reached skill level 6 in Shields
  5702 | D:7      | Reached XP level 9. HP: 50/88 MP: 8/8
  5780 | D:7      | Found a shimmering altar of Xom.
  6226 | D:7      | Reached skill level 7 in Unarmed Combat
  6227 | D:7      | HP: 21/89 [killer bee (6)]
  6232 | D:7      | HP: 22/133 [poisoned by a killer bee]
  6237 | D:7      | HP: 33/133 [killer bee (4)]
  6402 | D:7      | Found a staircase to the Ecumenical Temple.
  6410 | Temple   | Entered the Ecumenical Temple
  6593 | Temple   | Became a worshipper of Ru the Awakened
  6850 | D:8      | Reached skill level 6 in Fighting
  7014 | D:8      | You pick up a book of Touch and begin reading...
  7014 | D:8      | You add the spells Static Discharge, Sticky Flame and
                  | Dispel Undead to your library.
  7045 | D:8      | Noticed Prince Ribbit
  7046 | D:8      | You pick up a book of Maledictions and begin reading...
  7046 | D:8      | You add the spells Anguish and Enfeeble to your library.
  7053 | D:8      | Killed Prince Ribbit
  7087 | D:8      | Found a broken altar of Ashenzari.
  7127 | D:8      | Reached skill level 6 in Throwing
  7447 | D:9      | Reached skill level 7 in Shields
  7884 | D:9      | HP: 23/92 [poisoned by an orc wizard]
  7889 | D:9      | HP: 21/92 [poisoned by an orc wizard]
  7964 | D:9      | Gained mutation: You cannot train Armour skill. [Ru
                  | sacrifice]
  7964 | D:9      | Reached * piety under Ru
  7985 | D:9      | Noticed a boulder beetle
  8014 | D:9      | HP: 20/92 [boulder beetle (16)]
  8029 | D:9      | Killed a boulder beetle
  8030 | D:9      | Reached skill level 8 in Unarmed Combat
  8030 | D:9      | Reached XP level 10. HP: 31/100 MP: 9/9
  8502 | D:9      | Found a staircase to the Orcish Mines.
  8559 | D:9      | Found Ruywapopp's Assorted Antiques.
  8562 | D:9      | Bought a potion of heal wounds for 120 gold pieces
  8562 | D:9      | Bought an onyx ring for 120 gold pieces
  8831 | D:10     | Entered Level 10 of the Dungeon
  8849 | D:10     | Reached skill level 7 in Fighting
  8860 | D:9      | HP: 18/102 [wyvern (13)]
  8861 | D:9      | HP: 1/102 [wyvern (16)]
  8865 | D:9      | Slain by a wyvern

Vanquished Creatures
  A boulder beetle (D:9)
  Joseph (D:7)
  Prince Ribbit (D:8)
  A wyvern (D:10)
  Sigmund (D:3)
  A shadow (D:9)
  Menkaure (D:6)
  2 water moccasins (D:10)
  2 black bears
  2 ice beasts
  2 ogres
  3 orc warriors
  3 centaurs
  2 gnoll sergeants
  2 bullfrogs
  3 kobold brigands
  3 scorpions
  5 wights (D:6)
  10 killer bees
  6 jellies
  4 orc priests
  4 hounds
  A gnoll shaman (D:9)
  2 iguanas
  A hell rat (Sewer)
  7 orc wizards
  9 adders
  16 gnolls
  6 river rats
  5 worms
  6 dart slugs
  48 orcs
  6 bats
  13 endoplasms
  A giant cockroach (D:1)
  6 goblins
  5 hobgoblins
  7 jackals
  6 quokkas
  12 ball pythons
  3 frilled lizards
  25 kobolds
  11 rats
256 creatures vanquished.

Vanquished Creatures (others)
  14 fungi
  8 plants (D:10)
  8 toadstools (D:2)
30 creatures vanquished.

Grand Total: 286 creatures vanquished

Table legend:
 A = Non-vault XP
 B = Vault XP
 C = Vault XP percentage of total XP
 D = Non-vault monster count
 E = Vault monster count
 F = Vault count percentage of total count
                 A         B        C        D         E       F
            +---------+---------+-------+---------+---------+-------
      Total |    4635 |    3236 |  41.1 |     196 |      60 |  23.4
            +---------+---------+-------+---------+---------+-------
        D:1 |      44 |       0 |   0.0 |      24 |       0 |   0.0
        D:2 |      73 |     108 |  59.7 |      19 |      17 |  47.2
        D:3 |      43 |     214 |  83.3 |      17 |       1 |   5.6
        D:4 |     228 |      31 |  12.0 |      28 |       6 |  17.6
        D:5 |     560 |       0 |   0.0 |      19 |       0 |   0.0
        D:6 |     994 |     172 |  14.8 |      18 |       1 |   5.3
        D:7 |     811 |     606 |  42.8 |      11 |       4 |  26.7
        D:8 |     791 |     283 |  26.4 |      28 |       1 |   3.4
        D:9 |    1055 |    1093 |  50.9 |      30 |      18 |  37.5
       D:10 |      36 |     637 |  94.7 |       2 |       4 |  66.7
      Sewer |       0 |      92 | 100.0 |       0 |       8 | 100.0
            +---------+---------+-------+---------+---------+-------

Illustrated notes

Table legend:
 A = Kills in this place as a percentage of kills in entire the game.
 B = Kills by you in this place as a percentage of kills by you in the entire game.
 C = Kills by friends in this place as a percentage of kills by friends in the entire game.
 D = Other kills in this place as a percentage of other kills in the entire game.
 E = Experience gained in this place as a percentage of experience gained in the entire game.
 F = Experience gained in this place divided by the number of levels of this place that you have seen.
                   A       B       C       D       E      F
               +-------+-------+-------+-------+-------+----------------------
         Total | 100.0 | 100.0 |   N/A |   N/A | 100.0 | 655.9
       Dungeon |  96.9 |  96.9 |   N/A |   N/A |  98.8 | 777.9
         Sewer |   3.1 |   3.1 |   N/A |   N/A |   1.2 |  92.0
               +-------+-------+-------+-------+-------+----------------------

Table legend: (Time is in decaauts)
 A = Elapsed time spent in this place.
 B = Non-inter-level travel time spent in this place.
 C = Inter-level travel time spent in this place.
 D = Time resting spent in this place.
 E = Time spent auto-exploring this place.
 F = Levels seen in this place.
 G = Mean time per level.
                   A        B        C        D        E       F      G
               +--------+--------+--------+--------+--------+-----+--------+
         Total |   8895 |   8458 |    437 |    391 |   6344 |  12 |  741.2 |
       Dungeon |   8542 |   8146 |    396 |    391 |   6114 |  10 |  854.2 |
        Temple |    196 |    156 |     40 |      0 |    140 |   1 |  196.0 |
         Sewer |    155 |    155 |      0 |      0 |     90 |   1 |  155.0 |
               +--------+--------+--------+--------+--------+-----+--------+

Top non-repeatable levels by time:
     D:9: 1396 daAuts
     D:5: 1180 daAuts
     D:1: 1018 daAuts
     D:4: 983 daAuts
     D:7: 948 daAuts
     D:2: 938 daAuts
     D:3: 797 daAuts
     D:6: 642 daAuts
     D:8: 614 daAuts
  Temple: 196 daAuts
   Sewer: 155 daAuts
    D:10: 22 daAuts
